 Dungeon Crawl Stone Soup version 0.22.1-1-ga44c0e56f4 (webtiles) character file.

772 LLavrengius the Chiller (level 7, -7/44 HPs)
             Began as a Gargoyle Ice Elementalist on Oct 23, 2018.
             Was an Initiate of Cheibriados.
             Mangled by an ice beast (8 damage)
             ... on level 5 of the Dungeon.
             The game lasted 00:25:18 (5389 turns).

LLavrengius the Chiller (Gargoyle Ice Elementalist) Turns: 5389, Time: 00:25:19

Health: -7/44      AC:  8    Str: 13    XL:     7   Next: 83%
Magic:  9/11       EV: 12    Int: 18    God:    Cheibriados [......]
Gold:   130        SH:  0    Dex: 11    Spells: 4/12 levels left

rFire    . . .     SeeInvis .   F - +0 quarterstaff
rCold    . . .     Gourm    .   (shield currently unavailable)
rNeg     + . .     Faith    .   a - +0 robe
rPois    ∞         Spirit   .   k - +0 helmet
rElec    +         Reflect  .   (no cloak)
rCorr    +         Harm     .   r - +0 pair of gloves
MR       .....                  (no boots)
Stlth    ++........             (no amulet)
HPRegen  0.14/turn              q - ring of resist corrosion
MPRegen  0.12/turn              (no ring)

@: slow
A: negative energy resistance 1, electricity resistance, unbreathing,
petrification resistance, rot immunity, AC +4
a: Bend Time, Renounce Religion


You were on level 5 of the Dungeon.
You worshipped Cheibriados.
Cheibriados was noncommittal.
You were near starving.

You visited 2 branches of the dungeon, and saw 6 of its levels.

You collected 130 gold pieces.

Inventory:

Hand Weapons
 h - a +0 hunting sling
 m - a +0 spear
 w - a +2 dagger of venom
 y - a +0 trident
 F - a +0 quarterstaff (weapon)
Missiles
 i - a throwing net
 l - 29 sling bullets
 p - 7 tomahawks (quivered)
Armour
 a - a +0 robe (worn)
 e - a cursed +0 chain mail
 k - a +0 helmet (worn)
 r - a +0 pair of gloves (worn)
Jewellery
 q - a ring of resist corrosion (left hand)
Wands
 b - a wand of iceblast (8)
Scrolls
 d - 9 scrolls of identify
 g - 2 scrolls of remove curse {unknown}
 o - 2 scrolls of fear {unknown}
 s - a scroll of noise {unknown}
 u - 2 scrolls of blinking {unknown}
 z - a scroll of immolation {unknown}
 A - a scroll of amnesia {unknown}
 B - a scroll of teleportation {unknown}
 C - a scroll of random uselessness {unknown}
Potions
 f - a potion of mutation {unknown}
 j - a potion of haste {unknown}
 n - a potion of resistance
 t - 2 potions of curing
 v - a potion of agility {unknown}
 x - a potion of degeneration {unknown}
 D - a potion of lignification {unknown}
 E - a potion of magic {unknown}
Comestibles
 c - 9 rations


   Skills:
 + Level 5.4 Fighting
 + Level 0.0 Staves
 - Level 1.5 Dodging
 - Level 2.1 Stealth
 - Level 3.0 Spellcasting
   Level 1.1 Conjurations
 + Level 3.4 Summonings
 + Level 5.5 Ice Magic


You had 4 spell levels left.
You knew the following spells:

 Your Spells              Type           Power        Failure   Level  Hunger
a - Freeze                Ice            ###.         1%          1    None
b - Ozocubu's Armour      Chrm/Ice       ##......     16%         3    ###....
c - Summon Ice Beast      Ice/Summ       ###.....     26%         4    ####...

Your spell library contained the following spells:

 Spells                   Type           Power        Failure   Level  Hunger
 Throw Frost              Conj/Ice       ##....       6%          2    ##.....
 Throw Icicle             Conj/Ice       ##......     38%         4    ####...


Dungeon Overview and Level Annotations

Branches:
Dungeon (5/15)             Temple (1/1) D:5

Altars:
Ashenzari
Cheibriados
Fedhas
Gozag
Hepliaklqana
Makhleb
Nemelex Xobeh
Okawaru
Qazlal
Ru
Sif Muna
Trog
Uskayaw
Xom
Yredelemnul
Zin
The Shining One

Annotations:
D:2 Sigmund


Innate Abilities, Weirdness & Mutations

You are resistant to torment.
Your stone body is resilient. (AC +4)
You are immune to poison.
You resist negative energy. (rN+)
You are resistant to electric shocks. (rElec)
You can survive without breathing.
You are immune to petrification.
You are immune to rotting.


Message History

Pain shoots through your body! The ice beast closely misses you.
The ice beast hits you but does no damage.
There is a stone staircase leading up here.
The ice beast hits you but does no damage.
The shadow imp hits you.
The ice beast hits you but does no damage.
The shadow imp misses you.
The ice beast hits you but does no damage.
The shadow imp hits you. The ice beast hits you. The ice beast freezes you!
* * * LOW HITPOINT WARNING * * *
The shadow imp hits you.
* * * LOW HITPOINT WARNING * * *
The shadow imp gestures at you.
You struggle to resist.
The ice beast hits you.
* * * LOW HITPOINT WARNING * * *
The ice beast freezes you!
You die...

..# #.#.##.##.....# ##.## .##
#.#.##[######## #...# .#
#))....## ##.## .# ####..[..# #.#
.# #........########## #.#
.#####.#####..##.......# #.#
.......#####.(##.......# #.#
.......##.....##<.>....# #.#
........#..#..5Y@......# ###.###
........#....###.......# #.....#
.#.###.......# #.......# #.#.#.#
........#.#.####......### ###.#)#
.#.####.#.#.# #.....###.♣♣♣♣###.#
.#[# #.#.#.# #.#####.♣♣._.♣..#.#
...# #.#.#.# #.####............#
.######.#.#.###.##.............##
.##............................#


You could see an ice beast and a shadow imp.

Vanquished Creatures
  2 ogres
  A centaur (D:5)
  A scorpion (D:4)
  A crimson imp (D:3)
  2 orc priests
  2 orc wizards
  Ijyb (D:3)
  2 worker ants (D:4)
  A hound skeleton (D:5)
  3 gnolls
  7 adders
  5 worms
  A dart slug (D:3)
  4 leopard geckos
  25 orcs
  A ball python (D:1)
  9 giant cockroaches
  19 goblins
  5 hobgoblins
  2 jackals (D:3)
  4 kobolds
  2 quokkas (D:3)
  7 bats
  7 frilled lizards
  A leopard gecko skeleton (D:5)
  A leopard gecko zombie (D:5)
  8 rats
124 creatures vanquished.

Notes
Turn   | Place    | Note
-------+----------+-------------------------------------------
     0 | D:1      | LLavrengius the Gargoyle Ice Elementalist began the quest
                  | for the Orb.
     0 | D:1      | Reached XP level 1. HP: 10/10 MP: 3/3
   274 | D:1      | Reached skill level 1 in Fighting
   274 | D:1      | Reached XP level 2. HP: 14/16 MP: 5/5
   896 | D:1      | Reached XP level 3. HP: 20/21 MP: 4/6
   904 | D:1      | Learned a level 3 spell: Ozocubu's Armour
  1376 | D:2      | Noticed Sigmund
  1532 | D:3      | Reached XP level 4. HP: 27/27 MP: 1/7
  2298 | D:1      | Learned a level 4 spell: Summon Ice Beast
  2310 | D:1      | Reached XP level 5. HP: 30/32 MP: 0/9
  2511 | D:2      | Found a burning altar of Makhleb.
  2511 | D:2      | Noticed a green death
  2625 | D:3      | Reached skill level 1 in Summonings
  3135 | D:3      | Noticed Ijyb
  3148 | D:3      | Paralysed by Ijyb for 7 turns
  3189 | D:3      | Killed Ijyb
  3189 | D:3      | Reached XP level 6. HP: 33/38 MP: 7/10
  3967 | D:4      | Reached XP level 7. HP: 23/44 MP: 5/11
  4172 | D:5      | Entered Level 5 of the Dungeon
  4242 | D:5      | Found a glowing silver altar of Zin.
  4264 | D:5      | Reached skill level 5 in Ice Magic
  4321 | D:5      | Reached skill level 5 in Fighting
  5006 | D:5      | Found a staircase to the Ecumenical Temple.
  5015 | Temple   | Entered the Ecumenical Temple
  5163 | Temple   | Became a worshipper of Cheibriados the Contemplative
  5382 | D:5      | HP: 2/44 [shadow imp (3)]
  5389 | D:5      | HP: 1/44 [ice beast (2)]
  5389 | D:5      | Mangled by an ice beast

Skill      XL: |  1  2  3  4  5  6  7 |
---------------+----------------------+-----
Fighting       | 1 2 3 4 5 |  5.4
Spellcasting   | 3 |  3.0
Summonings     | 1 2 3 |  3.4
Ice Magic      | 4 5 |  5.5
Dodging        | |  1.5
Stealth        | |  2.1
Conjurations   | |  1.1

Action                   |  1- 3 |  4- 6 |  7- 9 || total
-------------------------+-------+-------+-------++-------
Melee: Unarmed           |    44 |       |       ||    44
       Club              |    58 |       |       ||    58
       Spear             |    68 |   310 |    81 ||   459
       Quarterstaff      |       |       |     1 ||     1
Throw: Tomahawk          |       |    11 |     3 ||    14
 Cast: Freeze            |    17 |    56 |    31 ||   104
       Ozocubu's Armour  |     1 |    13 |       ||    14
  Use: Scroll            |       |     2 |       ||     2
 Stab: Sleeping          |     8 |     6 |     1 ||    15
  Eat: Chunk             |     3 |    10 |     3 ||    16
Armor: Robe              |    61 |   146 |    44 ||   251
Dodge: Dodged            |   131 |   225 |    78 ||   434
